 Dungeon Crawl Stone Soup version 0.21.0-3-g78d12a8 (webtiles) character file.

150 HungrySpirit the Ducker (level 5, -4/45 HPs)
             Began as a Deep Elf Artificer on Jan 8, 2018.
             Killed from afar by an orc wizard (8 damage)
             ... with a puff of flame
             ... on level 4 of the Dungeon.
             The game lasted 00:05:53 (3977 turns).

HungrySpirit the Ducker (Deep Elf Artificer)        Turns: 3977, Time: 00:05:54

Health: -4/45      AC:  4    Str: 14    XL:     5   Next: 10%
Magic:  9/9        EV: 13    Int: 17    God:
Gold:   149        SH:  0    Dex: 15    Spells: 4/4 levels left

rFire    . . .     SeeInvis .   a - +0 short sword
rCold    . . .     Gourm    .   (no shield)
rNeg     . . .     Faith    .   b - +0 leather armour
rPois    .         Spirit   .   c - +0 helmet
rElec    .         Reflect  .   (no cloak)
rCorr    .         Harm     .   (no gloves)
MR       .....                  (no boots)
Stlth    ..........             (no amulet)
HPRegen  0.15/turn              (no ring)
MPRegen  0.11/turn              (no ring)

@: confused, berserking (expiring), lethally poisoned (-4 -> -8), very quick
A: no striking features
a: no special abilities


You were on level 4 of the Dungeon.
You were not hungry.

You visited 1 branch of the dungeon, and saw 4 of its levels.

You collected 149 gold pieces.

Inventory:

Hand Weapons
 a - a +0 short sword (weapon)
 q - a +2 long sword of holy wrath
Missiles
 u - 2 javelins (quivered)
Armour
 b - a +0 leather armour (worn)
 c - a +0 helmet (worn)
 t - a +2 buckler
Jewellery
 r - an uncursed ring of magical power {unknown}
Wands
 d - a wand of enslavement (9)
 e - a wand of random effects (10)
Scrolls
 g - a scroll of magic mapping {unknown}
 h - 3 scrolls of identify {unknown}
 k - a scroll of enchant weapon {unknown}
 l - 2 scrolls of remove curse {unknown}
 o - a scroll of noise {unknown}
 v - a scroll of random uselessness {unknown}
 x - a scroll of teleportation {unknown}
Potions
 j - a potion of curing
 m - 2 potions of brilliance {unknown}
 n - a potion of degeneration {unknown}
 p - a potion of haste {unknown}
 s - a potion of magic {unknown}
 z - a potion of resistance {unknown}
Comestibles
 f - 11 rations


   Skills:
 + Level 1.9 Fighting
 * Level 3.4 Short Blades
 + Level 3.6 Dodging
 - Level 1.2 Stealth
 + Level 0.9 Shields
 - Level 3.2 Evocations


You had 4 spell levels left.
You didn't know any spells.

Dungeon Overview and Level Annotations

Branches:
Dungeon (4/15)
 Temple: D:4-7

Altars:
Okawaru
Ru


Message History

The orc wizard casts a spell at you. The puff of flame hits you!
* * * LOW HITPOINT WARNING * * *
Your orc wizard miscasts a cantrip.
Unknown command.
You are too berserk!
You hit the orc wizard but do no damage.
The orc wizard is severely wounded.
The orc misses you.
The orc wizard hits you but does no damage.
The scorpion stings you.
* * * LOW HITPOINT WARNING * * *
You are lethally poisoned!
The scorpion poisons you!
* * * LOW HITPOINT WARNING * * *
You feel sick.
Your orc wizard hits the orc wizard but does no damage.
The orc wizard gestures at you while chanting.
The puff of flame hits you!
You die...

## .##
###..##
...#..##
#......#
#......##.
#.s.......
#.o†......
#@o..†....
#.oo......
#.#.#..##.
#......#
..#.#....
#..........
##.#.......
#.#.......


You could see a scorpion, 2 orc wizards, an orc and a friendly orc wizard
(invisible).

Vanquished Creatures
  A gnoll (D:3)
  2 adders
  4 oozes
  5 worms
  2 dart slugs (D:1)
  4 leopard geckos
  3 orcs
  4 ball pythons
  3 bats
  4 giant cockroaches
  11 goblins
  5 hobgoblins
  A jackal (D:1)
  4 kobolds
  5 frilled lizards
  A quokka zombie (D:3)
  9 rats
68 creatures vanquished.

Vanquished Creatures (collateral kills)
  A worker ant (D:4)
  A gnoll (D:3)
  An adder (D:4)
3 creatures vanquished.

Vanquished Creatures (others)
  Natasha (D:4)
  A gnoll (D:3)
  A plant (D:2)
3 creatures vanquished.

Grand Total: 74 creatures vanquished

Notes
Turn   | Place    | Note
-------+----------+-------------------------------------------
     0 | D:1      | HungrySpirit the Deep Elf Artificer began the quest for the Orb.
     0 | D:1      | Reached XP level 1. HP: 11/11 MP: 5/5
   185 | D:1      | Reached skill level 1 in Fighting
   185 | D:1      | Reached XP level 2. HP: 10/16 MP: 6/6
   713 | D:1      | Reached XP level 3. HP: 9/20 MP: 7/7
  2112 | D:2      | Reached XP level 4. HP: 6/26 MP: 8/8
  3035 | D:3      | Found an iron altar of Okawaru.
  3059 | D:3      | Found a sacrificial altar of Ru.
  3954 | D:4      | Noticed Natasha
  3963 | D:4      | Reached XP level 5. HP: 27/30 MP: 9/9
  3970 | D:4      | Your ally died
  3977 | D:4      | Killed from afar by an orc wizard

Skill      XL: |  1  2  3  4 |
---------------+-------------+-----
Fighting       | 1 |  1.9
Short Blades   | 2 3 |  3.4
Dodging        | 3 |  3.6
Stealth        | |  1.2
Shields        | |  0.9
Evocations     | |  3.2

Action                   |  1- 3 |  4- 6 || total
-------------------------+-------+-------++-------
Melee: Short sword       |   132 |   132 ||   264
Throw: Javelin           |     4 |       ||     4
Evoke: Wand              |    14 |    12 ||    26
  Use: Potion            |       |     4 ||     4
 Stab: Sleeping          |     1 |     1 ||     2
  Eat: Chunk             |     4 |     6 ||    10
Armor: Leather armour    |    30 |    25 ||    55
Dodge: Dodged            |    97 |    78 ||   175
Block: Buckler           |    13 |     3 ||    16
